 Dungeon Sprint DCSS version 0.20.1-1-g8b1a95d (webtiles) character file.

176 JustSomeDude the Covert (level 5, -10/42 HPs)
             Began as a Formicid Assassin on Aug 26, 2017.
             Was an Initiate of Dithmenos.
             Mangled by an ogre
             ... wielding a +0 giant club
              (25 damage)
             ... in the Dungeon (Sprint I: "Red Sonja").
             The game lasted 00:01:35 (583 turns).

JustSomeDude the Covert (Formicid Assassin)          Turns: 583, Time: 00:01:36

Health: -10/42     AC:  3    Str: 16    XL:     5   Next: 86%
Magic:  5/5        EV: 12    Int: 10    God:    Dithmenos [......]
Gold:   54         SH:  0    Dex: 13    Spells: 4/4 levels left

rFire    . . .     SeeInvis +   a - +2 dagger
rCold    . . .     Gourm    .   (no shield)
rNeg     . . .     Faith    .   c - +0 robe
rPois    .         Spirit   .   (helmet unavailable)
rElec    .         Reflect  .   d - +0 cloak
rCorr    .         Harm     .   (no gloves)
MR       .....                  (no boots)
Stlth    +++++.....             (no amulet)
Regen    0.2/turn               (no ring)
MPRegen  0.1/turn               (no ring)

@: no status effects
A: permanent stasis, dig shafts and tunnels, four strong arms, antennae 3
a: Dig, Renounce Religion


You were in the Dungeon.
You worshipped Dithmenos.
Dithmenos was noncommittal.
You were not hungry.

You visited 1 branch You collected 54 gold pieces.

Inventory:

Hand Weapons
 a - a +2 dagger (weapon)
 b - a +0 blowgun
Missiles
 e - 7 poisoned needles
 n - a curare-tipped needle
Armour
 c - a +0 robe (worn)
 d - a +0 cloak (worn)
 o - a +0 leather armour
Scrolls
 m - a scroll of blinking
Potions
 h - a potion of curing
 j - a potion of haste
 k - 2 potions of magic
 l - a potion of berserk rage
Comestibles
 g - a bread ration


   Skills:
 + Level 4.2 Fighting
 + Level 4.3 Short Blades
 + Level 4.2 Throwing
 + Level 1.8 Dodging
 + Level 11.8 Stealth


You had 4 spell levels left.
You didn't know any spells.

Dungeon Overview and Level Annotations

Branches:
Dungeon (1/1)

Altars:
Cheibriados
Dithmenos
Elyvilon
Fedhas
Gozag
Hepliaklqana
Kikubaaqudgha
Nemelex Xobeh
Okawaru
Qazlal
Ru
Trog
Uskayaw
Yredelemnul
Zin
The Shining One

Shops:
D *


Innate Abilities, Weirdness & Mutations

You cannot be hasted, slowed, berserked, paralysed or teleported.
You can dig through walls and to a lower floor.
Your four strong arms can wield two-handed weapons with a shield.
You have a pair of large antennae on your head. (SInv)


Message History

The ogre is heavily wounded.
You feel much better. The ogre hits you with a giant club!
You hit the ogre.
The ogre is heavily wounded.
The ogre hits you with a giant club!
There is a bloodstained altar of Trog here.
There is a basalt altar of Yredelemnul here.
There is a fountain of clear blue water here.
You barely miss the ogre.
The ogre is heavily wounded.
You hit the ogre.
The ogre is heavily wounded.
The ogre closely misses you.
You hit the ogre.
The ogre is heavily wounded.
You barely miss the ogre.
The ogre is heavily wounded.
The ogre hits you with a giant club!!
Ouch! That really hurt!
You die...

##########
#<.#..+..#
{
#..'..#..+
#.@#####'#
#.O####..#
#..#__#.##
#..#_____##
#⌠⌠#_.∩...+
###._..__##
{
#$$#_____#
##########


You could see an ogre.

Vanquished Creatures
  A yak (D)
  Ijyb (D)
2 creatures vanquished.

Notes
Turn   | Place    | Note
-------+----------+-------------------------------------------
     0 | D        | JustSomeDude the Formicid Assassin began the quest for the Orb.
     0 | D        | Reached XP level 1. HP: 16/16 MP: 1/1
     3 | D        | Noticed Ijyb
    22 | D        | Killed Ijyb
    22 | D        | Reached skill level 1 in Dodging
    22 | D        | Reached skill level 7 in Stealth
    22 | D        | Reached XP level 2. HP: 4/23 MP: 2/2
    22 | D        | Reached XP level 3. HP: 5/28 MP: 3/3
   277 | D        | Found a basalt altar of Yredelemnul.
   277 | D        | Found a hide-covered altar of Uskayaw.
   277 | D        | Found a hazy altar of Hepliaklqana.
   277 | D        | Found a shadowy altar of Dithmenos.
   277 | D        | Found an ancient bone altar of Kikubaaqudgha.
   277 | D        | Found a sacrificial altar of Ru.
   277 | D        | Found a snail-covered altar of Cheibriados.
   277 | D        | Found Qoradu's Assorted Antiques.
   277 | D        | Found an opulent altar of Gozag.
   277 | D        | Found a sparkling altar of Nemelex Xobeh.
   277 | D        | Found a glowing golden altar of the Shining One.
   277 | D        | Found an iron altar of Okawaru.
   277 | D        | Found a bloodstained altar of Trog.
   277 | D        | Found a blossoming altar of Fedhas.
   277 | D        | Found a stormy altar of Qazlal.
   277 | D        | Found a white marble altar of Elyvilon.
   277 | D        | Found a glowing silver altar of Zin.
   277 | D        | Noticed a yak
   279 | D        | Became a worshipper of Dithmenos the Shadowed
   288 | D        | Killed a yak
   288 | D        | Reached skill level 11 in Stealth
   288 | D        | Reached XP level 4. HP: 18/37 MP: 4/4
   288 | D        | Reached XP level 5. HP: 21/42 MP: 5/5
   562 | D        | Noticed an ogre
   583 | D        | Mangled by an ogre

Skill      XL: |  1  2  3 |
---------------+----------+-----
Dodging        | 1 |  1.8
Stealth        | 7 11 | 11.8
Fighting       | 4 |  4.2
Short Blades   | 4 |  4.3
Throwing       | 4 |  4.2

Action                   |  1- 3 |  4- 6 || total
-------------------------+-------+-------++-------
Melee: Dagger            |    20 |    10 ||    30
 Fire: Blowgun           |     5 |       ||     5
 Abil: Dig               |     1 |     1 ||     2
  Use: Potion            |       |     1 ||     1
Armor: Robe              |     3 |       ||     3
Dodge: Dodged            |     6 |     3 ||     9
